PIO (24 & UNDER)
SEATTLE RAINIERS @ SURREY SINNERS
04/26/2027
 
TOP OF THE 1ST
Seattle Rainiers batting - Pitching for Surrey Sinners : LHP Sebastián Cervantes
Pitching: LHP Sebastián Cervantes
Batting: RHB José Vidal 0-0: Ball
1-0: Ball
2-0: Called Strike
2-1: Swinging Strike
2-2: Foul Ball, location: 2F
2-2: DOUBLE (Line Drive, 78D)
Batting: RHB Jorge Colón 0-0: Ball
1-0: Ball
2-0: Called Strike
2-1: Foul Ball, location: 2F
2-2: Ground out 6-3 (Groundball, 6)
José Vidal to third
Batting: RHB Danny Spode 0-0: Ball
1-0: Ball
2-0: Called Strike
2-1: Ball
3-1: Foul Ball, location: 2F
3-2: Reached on error, E5 (Groundball, 56)
José Vidal scores
Batting: RHB John Hill 0-0: Ball
1-0: Ball
2-0: Called Strike
2-1: Foul Ball, location: 2F
2-2: Foul Ball, location: 2F
2-2: Fly out, F9 (Flyball, 89D)
Batting: LHB Carlos Valentín 0-0: Called Strike
0-1: Called Strike
0-2: Foul Ball, location: 2F
0-2: Strikes out swinging
Top of the 1st over - 1 run(s), 1 hit(s), 1 error(s), 1 left on base; Seattle 1 - Surrey 0
BOTTOM OF THE 1ST
Surrey Sinners batting - Pitching for Seattle Rainiers : RHP Lúcio Feliciano
Pitching: RHP Lúcio Feliciano
Batting: LHB Juan Hinojosa 0-0: Swinging Strike
0-1: Ball
1-1: Foul Ball, location: 2F
1-2: Ball
2-2: SINGLE (Flyball, 7S)
Batting: RHB Eugene Booth 0-0: Ball
Juan Hinojosa steals 2nd base
1-0: Ball
2-0: Foul Ball, location: 2F
2-1: Ground out 5-3 (Groundball, 56S)
Juan Hinojosa to third
Batting: RHB Ramón Molina 0-0: Foul Ball, location: 2F
0-1: Ball
1-1: Ball
2-1: Ball
3-1: Base on Balls
Batting: RHB Clint Younger 0-0: Ball
1-0: Ball
2-0: Called Strike
2-1: SINGLE (Groundball, 25) (infield hit)
Juan Hinojosa scores
Ramón Molina to second
Batting: LHB Jorge Martínez 0-0: SINGLE (Flyball, 4MD)
Ramón Molina to third
Clint Younger to second
Runner from 3rd tries for Home, SAFE, throw made home
Clint Younger to third
Jorge Martínez to second
Batting: RHB Ricardo Deleón 0-0: Called Strike
0-1: Ball
1-1: Called Strike
1-2: Foul Ball, location: 2F
1-2: SINGLE (Line Drive, 89S)
Clint Younger scores
Jorge Martínez to third
Batting: LHB Robert Atkins 0-0: Reached on error, E4 (Groundball, 34)
Jorge Martínez scores
Ricardo Deleón to third
Batting: RHB Daniel Santiago 0-0: Ground out 5-3 (Groundball, 56S)
Ricardo Deleón scores
Robert Atkins to third
Batting: RHB Robert Koremans 0-0: Ground out 4-3 (Groundball, 4)
Bottom of the 1st over - 5 run(s), 4 hit(s), 1 error(s), 1 left on base; Seattle 1 - Surrey 5
TOP OF THE 2ND
Seattle Rainiers batting - Pitching for Surrey Sinners : LHP Sebastián Cervantes
Batting: RHB Cipriano Baca 0-0: Swinging Strike
0-1: Fly out, F4 (Popup, 4MD)
Batting: RHB Rodrigo García 0-0: SINGLE (Groundball, 56D)
Batting: RHB José Romo 0-0: Swinging Strike
0-1: Fly out, F4 (Popup, 34D)
Batting: RHB Jorge Álvarez 0-0: Ball
1-0: Swinging Strike
1-1: Called Strike
1-2: Strikes out looking
Top of the 2nd over - 0 run(s), 1 hit(s), 0 error(s), 1 left on base; Seattle 1 - Surrey 5
BOTTOM OF THE 2ND
Surrey Sinners batting - Pitching for Seattle Rainiers : RHP Lúcio Feliciano
Batting: LHB Juan Hinojosa 0-0: Called Strike
0-1: Called Strike
0-2: Ball
1-2: Strikes out swinging
Batting: RHB Eugene Booth 0-0: DOUBLE (Groundball, 3L)
Batting: RHB Ramón Molina 0-0: Ground out U3 (Groundball, 34)
Eugene Booth to third
Batting: RHB Clint Younger 0-0: Fly out, F9 (Flyball, 9S)
Bottom of the 2nd over - 0 run(s), 1 hit(s), 0 error(s), 1 left on base; Seattle 1 - Surrey 5
TOP OF THE 3RD
Seattle Rainiers batting - Pitching for Surrey Sinners : LHP Sebastián Cervantes
Batting: RHB José Vidal 0-0: Swinging Strike
0-1: Ball
1-1: Called Strike
1-2: Strikes out swinging
Batting: RHB Jorge Colón 0-0: Ball
1-0: Swinging Strike
1-1: Swinging Strike
1-2: Ball
2-2: Foul Ball, location: 2F
2-2: Strikes out swinging
Batting: RHB Danny Spode 0-0: SINGLE (Line Drive, 6MD)
Batting: RHB John Hill 0-0: Ball
1-0: Ball
2-0: SINGLE (Line Drive, 89S)
Danny Spode to second
Batting: LHB Carlos Valentín 0-0: Ball
1-0: Fielders Choice at 2nd, 4-6 (Groundball, 4)
Top of the 3rd over - 0 run(s), 2 hit(s), 0 error(s), 1 left on base; Seattle 1 - Surrey 5
BOTTOM OF THE 3RD
Surrey Sinners batting - Pitching for Seattle Rainiers : RHP Lúcio Feliciano
Batting: LHB Jorge Martínez 0-0: Ground out U3 (Groundball, 34S)
Batting: RHB Ricardo Deleón 0-0: SINGLE (Groundball, 4MD)
Batting: LHB Robert Atkins 0-0: Ball
1-0: Ball
2-0: Swinging Strike
2-1: Ball
3-1: Base on Balls
Ricardo Deleón to second
Batting: RHB Daniel Santiago 0-0: Ball
1-0: Foul Ball, location: 2F
1-1: Ball
2-1: Foul Ball, location: 2F
2-2: SINGLE (Groundball, 56D)
Ricardo Deleón to third
Robert Atkins to second
Batting: RHB Robert Koremans 0-0: SINGLE (Flyball, 8LS)
Ricardo Deleón scores
Robert Atkins to third
Daniel Santiago to second
Batting: LHB Juan Hinojosa 0-0: Called Strike
0-1: Called Strike
0-2: Ball
1-2: Ball
2-2: Ball
3-2: Foul Ball, location: 2F
3-2: Base on Balls
Robert Atkins scores
Daniel Santiago to third
Robert Koremans to second
Pitching: RHP Dave Rose
Batting: RHB Eugene Booth 0-0: Ball
1-0: Ball
2-0: Called Strike
2-1: Ball
3-1: Base on Balls
Daniel Santiago scores
Robert Koremans to third
Juan Hinojosa to second
Batting: RHB Ramón Molina 0-0: Called Strike
0-1: Ball
1-1: Ball
2-1: Foul Ball, location: 2F
2-2: Ball
3-2: Foul Ball, location: 2F
3-2: Fly out, F4 (Popup, 3D)
Batting: RHB Clint Younger 0-0: Ball
1-0: Called Strike
1-1: Ball
2-1: Foul Ball, location: 2F
2-2: Ball
3-2: Foul Ball, location: 2F
3-2: Strikes out swinging
Bottom of the 3rd over - 3 run(s), 3 hit(s), 0 error(s), 3 left on base; Seattle 1 - Surrey 8
TOP OF THE 4TH
Seattle Rainiers batting - Pitching for Surrey Sinners : LHP Sebastián Cervantes
Batting: RHB Cipriano Baca 0-0: Called Strike
0-1: Swinging Strike
0-2: Ground out 4-3 (Groundball, 4M)
Batting: RHB Rodrigo García 0-0: Ball
1-0: Called Strike
1-1: Called Strike
1-2: Fly out, F2 (Popup, 15)
Batting: RHB José Romo 0-0: Foul Ball, location: 2F
0-1: Ground out 4-3 (Groundball, 4)
Top of the 4th over - 0 run(s), 0 hit(s), 0 error(s), 0 left on base; Seattle 1 - Surrey 8
BOTTOM OF THE 4TH
Surrey Sinners batting - Pitching for Seattle Rainiers : RHP Dave Rose
Batting: LHB Jorge Martínez 0-0: Ball
1-0: Foul Ball, location: 2F
1-1: SINGLE (Line Drive, 4D)
Batting: RHB Ricardo Deleón 0-0: Called Strike
Jorge Martínez steals 2nd base
0-1: Ball
1-1: Swinging Strike
1-2: Foul Ball, location: 2F
1-2: Strikes out looking
Batting: LHB Robert Atkins 0-0: Called Strike
0-1: Swinging Strike
0-2: Ball
1-2: Strikes out swinging
Batting: RHB Daniel Santiago 0-0: Ball
1-0: Ball
2-0: Ball
3-0: Base on Balls
Batting: RHB Robert Koremans 0-0: DOUBLE (Line Drive, 89D)
Jorge Martínez scores
Daniel Santiago to third
Batting: LHB Juan Hinojosa 0-0: Called Strike
0-1: Foul Ball, location: 2F
0-2: Ball
1-2: 3-RUN HOME RUN (Flyball, 9D), Distance : 367 ft
Pitching: RHP Anrrique Burmester
Batting: RHB Eugene Booth 0-0: Ground out 5-3 (Groundball, 5S)
Bottom of the 4th over - 4 run(s), 3 hit(s), 0 error(s), 0 left on base; Seattle 1 - Surrey 12
TOP OF THE 5TH
Seattle Rainiers batting - Pitching for Surrey Sinners : LHP Sebastián Cervantes
Batting: RHB Jorge Álvarez 0-0: Called Strike
0-1: Foul Ball, location: 2F
0-2: Ball
1-2: Foul Ball, location: 2F
1-2: Fly out, F7 (Flyball, 7LS)
Batting: RHB José Vidal 0-0: Foul Ball, location: 2F
0-1: Ball
1-1: Foul Ball, location: 2F
1-2: Strikes out swinging
Batting: RHB Jorge Colón 0-0: Foul Ball, location: 2F
0-1: Foul Ball, location: 2F
0-2: Ball
1-2: Strikes out swinging
Top of the 5th over - 0 run(s), 0 hit(s), 0 error(s), 0 left on base; Seattle 1 - Surrey 12
BOTTOM OF THE 5TH
Surrey Sinners batting - Pitching for Seattle Rainiers : RHP Anrrique Burmester
Batting: RHB Ramón Molina 0-0: Called Strike
0-1: Ball
1-1: Called Strike
1-2: Foul Ball, location: 2F
1-2: Ball
2-2: Foul Ball, location: 2F
2-2: Ball
3-2: SINGLE (Line Drive, 89M)
Batting: RHB Clint Younger 0-0: Ball
1-0: Fly out, F9 (Flyball, 89M)
Batting: LHB Jorge Martínez 0-0: Ball
Pickoff Throw to First - Error! E1
Ramón Molina to second
1-0: Called Strike
1-1: Ground out 4-3 (Groundball, 4D)
Ramón Molina to third
Batting: RHB Ricardo Deleón 0-0: Ball
1-0: Ball
2-0: Called Strike
2-1: Ball
3-1: Base on Balls
Batting: LHB Robert Atkins 0-0: Called Strike
0-1: Called Strike
0-2: Foul Ball, location: 2F
0-2: Strikes out looking
Bottom of the 5th over - 0 run(s), 1 hit(s), 1 error(s), 2 left on base; Seattle 1 - Surrey 12
TOP OF THE 6TH
Seattle Rainiers batting - Pitching for Surrey Sinners : LHP Sebastián Cervantes
Batting: RHB Danny Spode 0-0: Foul Ball, location: 2F
0-1: Swinging Strike
0-2: Strikes out swinging
Batting: RHB John Hill 0-0: Called Strike
0-1: Ball
1-1: Ball
2-1: Swinging Strike
2-2: Strikes out swinging
Batting: LHB Carlos Valentín 0-0: Ball
1-0: Called Strike
1-1: Ball
2-1: Ground out 4-3 (Groundball, 4)
Top of the 6th over - 0 run(s), 0 hit(s), 0 error(s), 0 left on base; Seattle 1 - Surrey 12
BOTTOM OF THE 6TH
Surrey Sinners batting - Pitching for Seattle Rainiers : RHP Anrrique Burmester
Batting: RHB Daniel Santiago 0-0: Called Strike
0-1: Ball
1-1: Called Strike
1-2: Ball
2-2: Foul Ball, location: 2F
2-2: Ground out 6-3 (Groundball, 6)
Batting: RHB Robert Koremans 0-0: Ball
1-0: Ball
2-0: SINGLE (Flyball, 9LS)
Batting: LHB Juan Hinojosa 0-0: Ball
1-0: Fielders Choice at 2nd, 1-6 (Groundball, 13S)
Batting: RHB Eugene Booth 0-0: Ball
1-0: Ball
2-0: Fly out, F3 (Flyball, 3D)
Bottom of the 6th over - 0 run(s), 1 hit(s), 0 error(s), 1 left on base; Seattle 1 - Surrey 12
TOP OF THE 7TH
Seattle Rainiers batting - Pitching for Surrey Sinners : LHP Sebastián Cervantes
Pitching: LHP Jason Reece
Batting: RHB Cipriano Baca 0-0: SINGLE (Line Drive, 89M)
Batting: RHB Rodrigo García 0-0: Swinging Strike
0-1: Swinging Strike
0-2: Strikes out swinging
Batting: RHB José Romo
Pinch Hitting: RHB Roberto Pérez 0-0: Called Strike
0-1: Foul Ball, location: 2F
0-2: Ball
1-2: Strikes out swinging
Pinch Hitting: SHB Fernando Borges 0-0: Called Strike
0-1: Called Strike
0-2: 2-RUN HOME RUN (Flyball, 7D), Distance : 371 ft
Batting: RHB José Vidal 0-0: Ball
1-0: Ball
2-0: Ball
3-0: Called Strike
3-1: Base on Balls
Batting: RHB Jorge Colón 0-0: Hit by Pitch
José Vidal to second
Batting: RHB Danny Spode 0-0: Ball
1-0: Hit by Pitch
José Vidal to third
Jorge Colón to second
Batting: RHB John Hill 0-0: Called Strike
0-1: Ground out 1-3 (Groundball, 13)
Top of the 7th over - 2 run(s), 2 hit(s), 0 error(s), 3 left on base; Seattle 3 - Surrey 12
BOTTOM OF THE 7TH
Surrey Sinners batting - Pitching for Seattle Rainiers : RHP Anrrique Burmester
Pitching: LHP Raúl Canales
Now at 1B: Claas van der Kuijl
Now in CF: Tom Craft
Batting: RHB Ramón Molina 0-0: Foul Ball, location: 2F
0-1: Ball
1-1: Foul Ball, location: 2F
1-2: Ball
2-2: DOUBLE (Line Drive, 9)
Batting: RHB Clint Younger 0-0: Called Strike
0-1: Ground out 5-3 (Groundball, 56S)
Ramón Molina to third
Batting: LHB Jorge Martínez 0-0: Hit by Pitch
Batting: RHB Ricardo Deleón 0-0: Ball
1-0: Called Strike
1-1: Ball
2-1: Foul Ball, location: 2F
2-2: Foul Ball, location: 2F
2-2: Strikes out swinging
Batting: LHB Robert Atkins 0-0: Swinging Strike
0-1: Ball
1-1: Swinging Strike
1-2: Reached on error, E6 (Groundball, 6)
Ramón Molina scores
Jorge Martínez to second
Batting: RHB Daniel Santiago 0-0: Called Strike
0-1: Foul Ball, location: 2F
0-2: Strikes out swinging
Bottom of the 7th over - 1 run(s), 1 hit(s), 1 error(s), 2 left on base; Seattle 3 - Surrey 13
TOP OF THE 8TH
Seattle Rainiers batting - Pitching for Surrey Sinners : LHP Jason Reece
Batting: LHB Carlos Valentín 0-0: Ball
1-0: Ball
2-0: Ball
3-0: Called Strike
3-1: Called Strike
3-2: SINGLE (Groundball, 34) (infield hit)
Pinch Hitting: SHB Eduardo Sánchez 0-0: Ball
1-0: Ball
2-0: Called Strike
2-1: Swinging Strike
2-2: Fielders Choice at 2nd, 3-6 (Groundball, 3)
Batting: RHB Rodrigo García 0-0: Called Strike
0-1: Ball
1-1: Ball
2-1: Fly out, F7 (Line Drive, 78M)
Batting: SHB Claas van der Kuijl 0-0: Ball
1-0: Ball
2-0: Foul Ball, location: 2F
2-1: Foul Ball, location: 2F
2-2: Foul Ball, location: 2F
2-2: Ball
3-2: 2-RUN HOME RUN (Line Drive, 7D), Distance : 390 ft
Batting: LHB Tom Craft 0-0: Foul Ball, location: 2F
0-1: Called Strike
0-2: Strikes out swinging
Top of the 8th over - 2 run(s), 2 hit(s), 0 error(s), 0 left on base; Seattle 5 - Surrey 13
BOTTOM OF THE 8TH
Surrey Sinners batting - Pitching for Seattle Rainiers : LHP Raúl Canales
Now at 2B: Eduardo Sánchez
Batting: RHB Robert Koremans 0-0: Called Strike
0-1: Hit by Pitch
Batting: LHB Juan Hinojosa 0-0: Foul Ball, location: 2F
0-1: Swinging Strike
0-2: Ball
1-2: Foul Ball, location: 2F
1-2: Ball
2-2: Foul Ball, location: 2F
2-2: SINGLE (Line Drive, 6D)
Robert Koremans to second
Batting: RHB Eugene Booth 0-0: Ball
1-0: Called Strike
1-1: SINGLE (Line Drive, 34D)
Robert Koremans to third
Juan Hinojosa to second
Runner from 3rd tries for Home, SAFE, throw made home
Juan Hinojosa to third
Eugene Booth to second
Batting: RHB Ramón Molina 0-0: Called Strike
0-1: Foul Ball, location: 2F
0-2: Ball
1-2: Foul Ball, location: 2F
1-2: Fly out, F9 (Flyball, 9LS)
Batting: RHB Clint Younger 0-0: TRIPLE (Flyball, 78XD)
Juan Hinojosa scores
Eugene Booth scores
Pitching: LHP Miguel Perea
Batting: LHB Jorge Martínez 0-0: Ball
Steal of home, Clint Younger is safe
1-0: Ball
2-0: Ball
3-0: Base on Balls
Batting: RHB Ricardo Deleón 0-0: Called Strike
0-1: Ball
1-1: Ball
2-1: Ball
3-1: Grounds into double play, 4-6-3 (Groundball, 4)
Bottom of the 8th over - 4 run(s), 3 hit(s), 0 error(s), 0 left on base; Seattle 5 - Surrey 17
TOP OF THE 9TH
Seattle Rainiers batting - Pitching for Surrey Sinners : LHP Jason Reece
Pitching: LHP Scott Davis
Batting: RHB José Vidal 0-0: Ball
1-0: Ball
2-0: Called Strike
2-1: Foul Ball, location: 2F
2-2: Ball
3-2: Ground out 3-1 (Groundball, 34)
Batting: RHB Jorge Colón 0-0: Called Strike
0-1: Fly out, F8 (Line Drive, 8LS)
Batting: RHB Danny Spode 0-0: Ball
1-0: Foul Ball, location: 2F
1-1: Foul Ball, location: 2F
1-2: Ball
2-2: Ball
3-2: Foul Ball, location: 2F
3-2: Foul Ball, location: 2F
3-2: Base on Balls
Batting: RHB John Hill 0-0: Fly out, F9 (Flyball, 9LM)
Top of the 9th over - 0 run(s), 0 hit(s), 0 error(s), 1 left on base; Seattle 5 - Surrey 17
Thursday, March 30th, 2017 - OOTP Baseball 17.12 Build 75